 Dungeon Crawl Stone Soup version 0.21-a0-360-g65c131b (webtiles) character file.

74 DricusGP the Cudgeler (level 4, -4/28 HPs)
             Began as a Gargoyle Gladiator on Oct 13, 2017.
             Slain by a gnoll
             ... wielding a +0 halberd
              (7 damage)
             ... on level 2 of the Dungeon.
             The game lasted 00:01:46 (1269 turns).

DricusGP the Cudgeler (Gargoyle Gladiator)          Turns: 1269, Time: 00:01:46

Health: -4/28      AC:  7    Str: 18    XL:     4   Next: 28%
Magic:  4/4        EV: 13    Int:  9    God:
Gold:   93         SH:  0    Dex: 17    Spells: 3/3 levels left

rFire    . . .     SeeInvis .   a - +0 flail
rCold    . . .     Gourm    .   (no shield)
rNeg     + . .     Faith    .   b - +0 leather armour
rPois    ∞         Spirit   .   c - +0 helmet
rElec    +         Reflect  .   (no cloak)
rCorr    .         Harm     .   (no gloves)
MR       .....                  (no boots)
Stlth    +.........             (no amulet)
HPRegen  0.09/turn              l - +6 ring of dexterity
MPRegen  0.09/turn              (no ring)

@: no status effects
A: negative energy resistance 1, electricity resistance, unbreathing,
petrification resistance, rot immunity, AC +3
a: no special abilities


You were on level 2 of the Dungeon.
You were not hungry.

You visited 1 branch of the dungeon, and saw 2 of its levels.

You collected 93 gold pieces.

Inventory:

Hand Weapons
 a - a +0 flail (weapon)
Missiles
 d - 4 throwing nets (quivered)
Armour
 b - a +0 leather armour (worn)
 c - a +0 helmet (worn)
Jewellery
 l - a +6 ring of dexterity (left hand)
Scrolls
 g - a scroll of identify {@r9}
 h - a scroll of blinking {unknown}
 i - a scroll of magic mapping
 k - a scroll of remove curse
 m - a scroll of immolation {unknown}
 n - a scroll of amnesia {unknown}
 p - a scroll of enchant armour {unknown}
Potions
 e - a potion of ambrosia
Comestibles
 f - 2 bread rations
 j - a meat ration
 o - 3 chunks of flesh


   Skills:
 + Level 3.2 Fighting
 * Level 4.4 Maces & Flails
 - Level 1.7 Throwing
 - Level 2.4 Dodging


You had 3 spell levels left.
You didn't know any spells.

Dungeon Overview and Level Annotations

Branches:
Dungeon (2/15)

Altars:


Innate Abilities, Weirdness & Mutations

You are resistant to torment.
Your stone body is resilient. (AC +3)
You are immune to poison.
You resist negative energy. (rN+)
You are resistant to electric shocks. (rElec)
You can survive without breathing.
You are immune to petrification.
You are immune to rotting.


Message History

You feel clever. The gnoll hits you but does no damage.
You completely miss the gnoll. The gnoll closely misses you.
The gnoll hits you with a flail.
You sock the gnoll!
The gnoll is heavily wounded.
The gnoll closely misses you. The gnoll hits you with a flail!
* * * LOW HITPOINT WARNING * * *
You hit the gnoll.
You kill the gnoll!
The gnoll barely misses you. The gnoll hits you with a halberd.
* * * LOW HITPOINT WARNING * * *
Found 19 stones.
Items here: )) †† a flail; a spear; a gnoll corpse x2
You hit the gnoll.
The gnoll is moderately wounded.
The gnoll hits you with a halberd!
You die...

..###.#..#.#####......
#........#..?.>....)..
..####.#)............#.
#........##............
#####.†..##........(#.
#..#.##...........
#..#.##.........(#
#.##..#..........# #@#
............<. #g#
...#.......... #.#
.............. ...
............. ...
####......... .....
#......... .....
########## (.....#


You could see a gnoll.

Vanquished Creatures
  2 gnolls (D:2)
  4 dart slugs
  A worm (D:2)
  A leopard gecko (D:2)
  2 ball pythons
  5 bats
  4 goblins
  6 hobgoblins
  8 kobolds
  A frilled lizard (D:1)
  9 rats
43 creatures vanquished.

Notes
Turn   | Place    | Note
-------+----------+-------------------------------------------
     0 | D:1      | DricusGP the Gargoyle Gladiator began the quest for the Orb.
     0 | D:1      | Reached XP level 1. HP: 12/12 MP: 1/1
   266 | D:1      | Reached XP level 2. HP: 18/18 MP: 2/2
   601 | D:1      | Reached XP level 3. HP: 22/22 MP: 3/3
   845 | D:2      | Reached skill level 4 in Maces & Flails
  1264 | D:2      | Reached XP level 4. HP: 16/28 MP: 4/4
  1269 | D:2      | Slain by a gnoll

Vault maps used:
D:1:      eino_arrival_druids_welcome, minmay_pentomino_o2
D:2:      zin_angel, first_bread

Skill      XL: |  1  2  3 |
---------------+----------+-----
Maces & Flails | 4 |  4.4
Fighting       | 3 |  3.2
Throwing       | |  1.7
Dodging        | |  2.4

Action                   |  1- 3 |  4- 6 || total
-------------------------+-------+-------++-------
Melee: Flail             |   117 |     4 ||   121
  Use: Scroll            |     3 |       ||     3
 Stab: Sleeping          |     1 |       ||     1
  Eat: Chunk             |     1 |       ||     1
Armor: Leather armour    |    43 |       ||    43
Dodge: Dodged            |    97 |     3 ||   100

Table legend:
 A = Spawn XP
 B = Non-spawn XP
 C = Spawn XP percentage of total XP
 D = Spawn monster count
 E = Non-spawn monster count
 F = Spawn count percentage of total count
 G = Total turns spent on level
                    A         B        C        D         E        F      G
               +---------+---------+-------+---------+---------+-------+---------
         Total |       0 |     106 |   0.0 |       0 |      43 |   0.0 |  1269
               +---------+---------+-------+---------+---------+-------+---------
           D:1 |       0 |      48 |   0.0 |       0 |      25 |   0.0 |   977
           D:2 |       0 |      58 |   0.0 |       0 |      18 |   0.0 |   292
               +---------+---------+-------+---------+---------+-------+---------
